 Dungeon Crawl Stone Soup version 0.28-a0-224-g76b539d98b (webtiles) character file.

Game seed: 2732280872211345220

95 Murumi the Chucker (level 4, 0/67 HPs)
             Began as an Ogre Gladiator on Aug 21, 2021.
             Slain by an iguana (10 damage)
             ... on level 4 of the Dungeon.
             The game lasted 00:14:00 (3657 turns).

Murumi the Chucker (Ogre Gladiator)                 Turns: 3657, Time: 00:14:00

Health: 0/67       AC: 26    Str: 22    XL:     4   Next: 65%
Magic:  4/4        EV:  1    Int: 20    God:
Gold:   128        SH:  0    Dex: 10    Spells: 3/3 levels left

rFire   . . .      SeeInvis .   h - +0 whip (vamp)
rCold   . . .      Faith    .   (no shield)
rNeg    + + +      Spirit   .   (armour currently unavailable)
rPois   +          Reflect  .   (helmet currently unavailable)
rElec   +          Harm     .   (cloak currently unavailable)
rCorr   .          Rampage  .   (gloves unavailable)
Will    .....      NoTele   +   (boots unavailable)
Stlth   ++........              (no amulet)
HPRegen 0.21/turn               e - ring of protection from cold
MPRegen 0.09/turn               i - ring of Goifin {rElec rC- AC+4 Str+4 Int+10}

@: tree-form
A: stationary, stasis, torment immunity, boosted hp, large, unfitting armour,
(tough skin 1)
a: no special abilities


You were on level 4 of the Dungeon.
You were a tree.
You visited 1 branch of the dungeon, and saw 4 of its levels.

You collected 128 gold pieces.

Inventory:

Hand Weapons
 a - a +0 flail
 h - a +0 vampiric whip (weapon)
Missiles
 d - 4 throwing nets
 f - 17 poisoned darts
 j - 21 stones (quivered)
Armour
 b - a +0 robe (melded)
 c - a +1 hat (melded)
Jewellery
 e - a ring of protection from cold (left branch)
 i - the ring of Goifin (right branch) {rElec rC- AC+4 Str+4 Int+10}
   (You acquired it on level 2 of the Dungeon)

   [ring of protection]

   AC:        It affects your AC (+4).
   Str:       It affects your strength (+4).
   Int:       It affects your intelligence (+10).
   rC:        It makes you vulnerable to cold.
   rElec:     It insulates you from electricity.
Potions
 k - a potion of mutation
 l - a potion of brilliance {unknown}
 m - a potion of degeneration {unknown}
 n - 2 potions of might {unknown}
 o - a potion of ambrosia {unknown}
 p - a potion of flight {unknown}


   Skills:
 - Level 3.0 Fighting
 - Level 3.0 Maces & Flails
 + Level 3.1 Throwing
 - Level 3.0 Dodging
 - Level 2.0 Stealth


You had 3 spell levels left.
You didn't know any spells.
Your spell library contained the following spells:

 Spells                   Type           Power      Damage    Failure   Level
 Blink                    Tloc           N/A        N/A       28%         2
 Manifold Assault         Tloc           0%         N/A       99%         5
 Storm Form               Tmut/Air       0%         N/A       100%        7


Dungeon Overview and Level Annotations

Branches:
Dungeon (4/15)
 Temple: D:4-7

Altars:

Annotations:
D:3 1 runed translucent door, lupus83's ghost, amateur GnCj


Innate Abilities, Weirdness & Mutations

You are a tree.
Your roots penetrate the ground, keeping you stationary.
You cannot be teleported.
You are immune to unholy pain and torment.
Your maximum health is greatly increased.
Your equipment is partially melded.
You are too large for most types of armour.
((You have tough skin. (AC +1)))


Message History

You hit the orc.
You feel better.
You kill the orc!
You barely miss the iguana. The iguana barely misses you.
You completely miss the iguana. The iguana bites you!
You barely miss the iguana. The iguana bites you.
You closely miss the iguana. The iguana bites you.
You closely miss the iguana. The iguana bites you!
You hit the iguana but do no damage. The iguana closely misses you.
You closely miss the iguana. The iguana bites you.
You barely miss the iguana.
The iguana bites you but does no damage.
You hit the iguana.
You feel better.
The iguana is lightly wounded.
The iguana hisses menacingly.
The iguana bites you!
* * * LOW HITPOINT WARNING * * *
Really quaff the potion of lignification?
You turn into a tree.
Your +1 hat melds into your body.
Your +0 robe melds into your body.
Your roots penetrate the ground.
The iguana bites you but does no damage.
You closely miss the iguana.
The iguana is lightly wounded.
You hit the iguana.
The iguana is moderately wounded.
The iguana bites you.
* * * LOW HITPOINT WARNING * * *
You hit the iguana but do no damage.
The iguana is moderately wounded.
The iguana bites you but does no damage.
You closely miss the iguana.
The iguana is moderately wounded.
The iguana bites you but does no damage.
You barely miss the iguana.
The iguana is moderately wounded.
The iguana bites you.
* * * LOW HITPOINT WARNING * * *
You hit the iguana.
The iguana is moderately wounded.
The iguana bites you!
You die...

###########
..........
....$....#####
..(.(....+<..#
.....((..#.#.#
...........#.#
....(((.o###.#
#.#####[{l♣..#
#.###### #.#
#.# #.# #.# #.


You could see an iguana and an orc.

Vanquished Creatures
  3 adders (D:2)
  A worm (D:2)
  2 dart slugs
  An orc (D:4)
  7 bats
  6 endoplasms
  3 giant cockroaches
  5 goblins
  6 hobgoblins
  3 jackals (D:2)
  4 kobolds
  A quokka (D:1)
  9 ball pythons
  4 frilled lizards
  A rat (D:3)
56 creatures vanquished.

Notes
Turn   | Place    | Note
-------+----------+-------------------------------------------
     0 | D:1      | Murumi the Ogre Gladiator began the quest for the Orb.
     0 | D:1      | Reached XP level 1. HP: 22/22 MP: 1/1
   258 | D:1      | Reached XP level 2. HP: 28/29 MP: 2/2
  1192 | D:2      | Reached skill level 1 in Stealth
  1199 | D:2      | Reached XP level 3. HP: 35/37 MP: 3/3
  1416 | D:2      | Identified a scroll of acquirement
  1416 | D:2      | Acquired the ring of Goifin {rElec rC- AC+4 Str+4 Int+10}
  1500 | D:2      | Reached XP level 4. HP: 35/45 MP: 4/4
  3026 | D:3      | Found a runed translucent door.
  3029 | D:3      | Noticed lupus83's ghost (amateur GnCj)
  3657 | D:4      | Slain by an iguana

Illustrated notes

Levels and vault maps discovered:
D:1:      heliophobic_arrival_battle_scene, layout_basic, minmay_distorted
D:2:      layout_loops_corners, minivault_23
D:3:      layout_basic, ebering_ghost_inner_flame, dk_vineyard_1,
          minmay_liquid_box, bh_walls_and_bars
D:4:      layout_basic, chequers_temple_overflow_statue_of_worship,
          mainiacjoe_overflow_catwalk, minmay_misc_feat_rugged,
          minmay_misc_feat_alley, minmay_snake_closets, uniq_crazy_yiuf_cottage

Skill      XL: |  1  2  3  4 |
---------------+-------------+-----
Fighting       | 3 |  3.0
Maces & Flails | 3 |  3.0
Dodging        | 3 |  3.0
Stealth        | 1 2 |  2.0
Throwing       | 3 |  3.1

Action                   |  1- 3 |  4- 6 || total
-------------------------+-------+-------++-------
Melee: Flail             |    30 |       ||    30
       Whip              |   149 |   101 ||   250
Throw: Throwing net      |     1 |       ||     1
       Stone             |       |    18 ||    18
  Use: Scroll            |     4 |     5 ||     9
       Potion            |       |     1 ||     1
 Stab: Sleeping          |     1 |     3 ||     4
Armor: Robe              |    72 |    37 ||   109
       Skin              |       |     3 ||     3
Dodge: Dodged            |    92 |    50 ||   142

Table legend: (Time is in decaauts)
 A = Elapsed time spent in this place.
 B = Non-inter-level travel time spent in this place.
 C = Inter-level travel time spent in this place.
 D = Time resting spent in this place.
 E = Time spent auto-exploring this place.
 F = Levels seen in this place.
 G = Mean time per level.
                   A        B        C        D        E       F      G
               +--------+--------+--------+--------+--------+-----+--------+
         Total |   3653 |   3353 |    300 |      0 |   2731 |   4 |  913.2 |
       Dungeon |   3653 |   3353 |    300 |      0 |   2731 |   4 |  913.2 |
               +--------+--------+--------+--------+--------+-----+--------+

Top non-repeatable levels by time:
     D:2: 1344 daAuts
     D:1: 1163 daAuts
     D:3: 1100 daAuts
     D:4: 44 daAuts
